 Dungeon Crawl Stone Soup version 0.27.1-33-g824d729ab1 (webtiles) character file.

Game seed: 13566009860437275175

2060 KamiKatze the Shield-Bearer (level 9, -5/47 HPs)
             Began as a Vine Stalker Fighter on Dec 30, 2021.
             Was an Elder of Uskayaw.
             Succumbed to a gnoll sergeant's poison
             ... on level 7 of the Dungeon on Dec 31, 2021.
             The game lasted 00:22:26 (5863 turns).

KamiKatze the Shield-Bearer (Vine Stalker Fighter)  Turns: 5863, Time: 00:22:26

Health: -5/47      AC:  8    Str: 22    XL:     9   Next: 25%
Magic:  9/20       EV:  9    Int: 11    God:    Uskayaw [****..]
Gold:   319        SH: 12    Dex: 20    Spells: 8/8 levels left

rFire    . . .     SeeInvis .   a - +0 war axe
rCold    . . .     Faith    .   c - +0 kite shield
rNeg     . . .     Spirit   +   u - +5 ring mail of Wisdom {Int+3}
rPois    .         Reflect  .   (no helmet)
rElec    .         Harm     .   (no cloak)
rCorr    .         Rampage  .   q - +0 pair of gloves
Will     +....                  g - +0 pair of boots
Stlth    +.........             (no amulet)
HPRegen  1.15/turn              b - ring of magical power
MPRegen  0.17/turn              E - +6 ring of dexterity

@: lethally poisoned (-5 -> -20), corroded
A: fangs 3, regeneration 1, magic shield, antimagic bite, no potion heal 2
a: Renounce Religion, Stomp, Line Pass


You were on level 7 of the Dungeon.
You worshipped Uskayaw.
Uskayaw was noncommittal.
You visited 2 branches of the dungeon, and saw 8 of its levels.

You collected 319 gold pieces.

Inventory:

Hand Weapons
 a - a +0 war axe (weapon)
 n - a +1 short sword of speed
 w - a +0 flail of protection
 G - a +0 morningstar
Missiles
 e - 124 stones (quivered)
 y - 2 poisoned darts
Armour
 c - a +0 kite shield (worn)
 g - a +0 pair of boots (worn)
 q - a +0 pair of gloves (worn)
 u - the +5 ring mail of Wisdom (worn) {Int+3}
   (You took it off a hobgoblin on level 4 of the Dungeon)

   Int:       It affects your intelligence (+3).
 C - a +0 chain mail
Jewellery
 b - a ring of magical power (left hand)
 E - a +6 ring of dexterity (right hand)
Wands
 p - a wand of polymorph (5)
 A - a wand of iceblast (7)
Scrolls
 d - a scroll of fear {unknown}
 h - 3 scrolls of teleportation {unknown}
 i - 2 scrolls of magic mapping {unknown}
 j - a scroll of holy word {unknown}
 r - 2 scrolls of enchant armour {unknown}
 s - 2 scrolls of vulnerability {unknown}
 x - 2 scrolls of brand weapon {unknown}
 D - a scroll of amnesia {unknown}
Potions
 f - a potion of ambrosia {unknown}
 k - a potion of invisibility
 l - 6 potions of curing
 m - a potion of lignification {unknown}
 o - 2 potions of cancellation
 t - a potion of magic {unknown}
 v - 2 potions of heal wounds
 z - 2 potions of brilliance {unknown}
 B - 2 potions of flight {unknown}
 F - a potion of degeneration {unknown}


   Skills:
 + Level 5.4 Fighting
 * Level 6.9 Axes
 - Level 3.0 Armour
 * Level 7.2 Shields
 + Level 1.7 Invocations


You had 8 spell levels left.
You didn't know any spells.
Your spell library contained the following spells:

 Spells                   Type           Power      Damage    Failure   Level
 Static Discharge         Conj/Air       0%         N/A       93%         2
 Frozen Ramparts          Ice            0%         1d2       99%         3
 Portal Projectile        Hex/Tloc       0%         N/A       99%         3
 Ice Form                 Ice/Tmut       0%         N/A       100%        4
 Summon Ice Beast         Ice/Summ       0%         N/A       100%        4
 Summon Lightning Spire   Summ/Air       0%         N/A       100%        4
 Blade Hands              Tmut           0%         N/A       100%        5
 Excruciating Wounds      Necr           0%         N/A       100%        5
 Lightning Bolt           Conj/Air       0%         1d11      100%        5
 Storm Form               Tmut/Air       0%         N/A       100%        7
 Maxwell's Capacitive Co  Air            0%         ∞         100%        8


Dungeon Overview and Level Annotations

Branches:
Dungeon (7/15)             Temple (1/1) D:6

Altars:
Ashenzari
Dithmenos
Gozag
Kikubaaqudgha
Makhleb
Nemelex Xobeh
Okawaru
Ru
Trog
Uskayaw
Vehumet
Wu Jian
Xom
Yredelemnul
The Shining One
Lugonu

Shops:
D:5 :


Innate Abilities, Weirdness & Mutations

You have razor-sharp teeth.
Your natural rate of healing is unusually fast.
When hurt, damage is shared between your health and your magic reserves.
Your bite disrupts and absorbs the magic of your enemies.
Potions cannot restore your health.


Message History

You block the black bear's attack. The gnoll closely misses you.
You block the gnoll's attack.
The gnoll sergeant hits you but does no damage.
You are poisoned.
The black bear barely misses you. The black bear claws you. x2
The gnoll hits you from afar with a +0 halberd.
You closely miss the black bear. You bite the black bear! You drain its power.
You feel invigorated.
The black bear is heavily wounded.
You barely miss the gnoll.
You feel very sick.
The gnoll sergeant hits you from afar with a +1 spear of venom.
You are more poisoned.
The gnoll hits you with a +0 spear.
* * * LOW HITPOINT WARNING * * *
The black bear bites you. You block the black bear's attack.
The black bear closely misses you. You block the gnoll's attack.
You hit the black bear.
You bite the black bear, but do no damage.
The black bear is severely wounded.
You closely miss the gnoll. You slash the gnoll!
You feel very sick.
The gnoll sergeant hits you from afar with a +1 spear of venom!
* * * LOW HITPOINT WARNING * * *
You are lethally poisoned!
You block the gnoll's attack. You block the black bear's attack. x2
The black bear closely misses you. The gnoll closely misses you.
The gnoll hits you but does no damage.
The gnoll hits you from afar with a +0 halberd.
* * * LOW HITPOINT WARNING * * *
Uskayaw prepares the audience for your solo!
* * * LOW HITPOINT WARNING * * *
You feel extremely sick.
The black bear is no longer paralysed.
The gnoll sergeant is no longer paralysed.
You block the gnoll sergeant's attack.
The black bear goes berserk!
There is an open door here.
You slash the black bear!
You kill the black bear!
You die...

#...........................
#...........................
#...........................
#..##'#####################.
#..##...##### #.
#...........# #.
#...........# #.
###########.# ##
#...###@##.###.
......)>†gg....
......$ggg.....
.........g.....
...............
##..###+####### #.. ... ..


You could see a gnoll sergeant and 5 gnolls.

Vanquished Creatures
  A steam dragon (D:7)
  Menkaure (D:4)
  Edmund (D:5)
  An ice beast (D:5)
  An orc warrior (D:7)
  A black bear (D:7)
  A necrophage (D:6)
  2 ogres (D:5)
  2 phantoms
  A bullfrog (D:6)
  A scorpion (D:5)
  A howler monkey (D:6)
  A bullfrog zombie (D:6)
  4 orc priests
  3 jellies
  2 hounds
  A centaur skeleton (D:7)
  A bullfrog skeleton (D:6)
  A gnoll shaman (D:7)
  3 iguanas
  Natasha (thrice) (D:3)
  6 orc wizards
  A howler monkey skeleton (D:6)
  4 gnolls
  10 adders
  An ufetubus (D:6)
  A worm (D:4)
  6 dart slugs
  12 orcs
  5 bats
  6 endoplasms
  3 giant cockroaches
  11 goblins
  5 hobgoblins
  9 kobolds
  7 quokkas
  7 ball pythons
  4 frilled lizards
  4 rats (D:2)
135 creatures vanquished.

Vanquished Creatures (others)
  10 plants (D:4)
10 creatures vanquished.

Grand Total: 145 creatures vanquished

Notes
Turn   | Place    | Note
-------+----------+-------------------------------------------
     0 | D:1      | KamiKatze the Vine Stalker Fighter began the quest for the
                  | Orb.
     0 | D:1      | Reached XP level 1. HP: 11/11 MP: 2/2
   333 | D:1      | Reached XP level 2. HP: 14/16 MP: 3/3
   426 | D:1      | Reached skill level 3 in Shields
   522 | D:1      | Reached XP level 3. HP: 14/19 MP: 4/4
  1347 | D:2      | Gained mutation: Your natural rate of healing is unusually
                  | fast. [Vine Stalker growth]
  1347 | D:2      | Reached XP level 4. HP: 21/24 MP: 3/5
  2172 | D:3      | Noticed Natasha
  2178 | D:3      | Killed Natasha
  2179 | D:3      | Reached XP level 5. HP: 22/28 MP: 2/6
  2249 | D:3      | Found a bloodstained altar of Trog.
  2371 | D:3      | Noticed Natasha
  2380 | D:3      | Killed Natasha
  2401 | D:3      | Noticed Natasha
  2411 | D:3      | Killed Natasha
  2619 | D:3      | Found an ancient bone altar of Kikubaaqudgha.
  2703 | D:4      | Reached skill level 4 in Shields
  2713 | D:4      | Reached XP level 6. HP: 32/32 MP: 5/7
  2780 | D:4      | Found a basalt altar of Yredelemnul.
  2794 | D:4      | Found an iron altar of Okawaru.
  2886 | D:4      | Identified the +5 ring mail of Wisdom {Int+3}
  3118 | D:4      | Noticed Menkaure
  3494 | D:4      | Killed Menkaure
  3495 | D:4      | Reached XP level 7. HP: 14/37 MP: 8/8
  3665 | D:5      | Entered Level 5 of the Dungeon
  3685 | D:5      | Reached skill level 5 in Shields
  3696 | D:5      | Noticed Edmund
  3739 | D:5      | Found Baimuev's Book Emporium.
  3837 | D:5      | Killed Edmund
  3893 | D:5      | Reached skill level 5 in Axes
  4000 | D:5      | Gained mutation: You have razor-sharp teeth. [Vine Stalker
                  | growth]
  4000 | D:5      | Reached XP level 8. HP: 42/42 MP: 9/9
  4110 | D:5      | Found a burning altar of Makhleb.
  4150 | D:5      | Reached skill level 6 in Shields
  4725 | D:6      | Reached skill level 5 in Fighting
  4753 | D:6      | Found a staircase to the Ecumenical Temple.
  4762 | Temple   | Entered the Ecumenical Temple
  4807 | Temple   | Became a worshipper of Uskayaw the Reveller
  4830 | D:6      | Reached * piety under Uskayaw
  4833 | D:6      | Reached ** piety under Uskayaw
  5086 | D:6      | Found an ornate altar of the Wu Jian Council.
  5091 | D:6      | Noticed a spectral centipede
  5091 | D:6      | Noticed a spectral black mamba
  5195 | D:6      | Found a sparkling altar of Nemelex Xobeh.
  5773 | D:7      | Reached skill level 7 in Shields
  5773 | D:7      | Reached skill level 1 in Invocations
  5773 | D:7      | Reached XP level 9. HP: 33/47 MP: 10/10
  5781 | D:7      | Reached *** piety under Uskayaw
  5856 | D:7      | Reached **** piety under Uskayaw
  5862 | D:7      | HP: 2/47 [poisoned by a gnoll sergeant]
  5863 | D:7      | Succumbed to a gnoll sergeant's poison

Illustrated notes

Levels and vault maps discovered:
D:1:      dpeg_arrival_snail, layout_loops_corners, minivault_24
D:2:      layout_basic, minmay_between
D:3:      layout_loops_ring, mainiacjoe_overflow_alcove_1,
          trog_three_pillars_becter, kennysheep_generic_room_4, uniq_natasha
D:4:      layout_basic, mainiacjoe_overflow_catwalk_spiral, serial_bayou,
          serial_bayou_pond_c, serial_bayou_lagoon_b, serial_bayou_pond_d,
          serial_bayou_crossing, uniq_menkaure
D:5:      layout_loops_cross, lightli_temple_of_fire, serial_shops, shop,
          uniq_edmund
D:6:      layout_basic, pdpol_wu_jian_five_deadly_venoms,
          nemelex_xobeh_ov_fountains_minmay, minmay_temple_entry_waves
D:7:      layout_gridville, cheibriados_altar_2
Temple:   corrupted_temple

Skill      XL: |  1  2  3  4  5  6  7  8 |
---------------+-------------------------+-----
Axes           | 2 3 4 5 6 |  6.9
Shields        | 3 4 5 7 |  7.2
Fighting       | 3 4 5 |  5.4
Armour         | 3 |  3.0
Invocations    | 1 |  1.7

Action                   |  1- 3 |  4- 6 |  7- 9 || total
-------------------------+-------+-------+-------++-------
Melee: War axe           |    71 |   178 |   198 ||   447
       Bite              |    16 |    51 |    78 ||   145
Throw: Stone             |       |     2 |     2 ||     4
       Dart              |       |       |     4 ||     4
Invok: Stomp             |       |       |     1 ||     1
  Use: Potion            |       |     1 |       ||     1
       Scroll            |       |       |     4 ||     4
 Stab: Paralysed         |       |       |     3 ||     3
Armor: Scale mail        |    30 |    44 |       ||    74
       Ring mail         |       |    10 |   104 ||   114
Dodge: Dodged            |    27 |    51 |    64 ||   142
Block: Kite shield       |    27 |    92 |   143 ||   262
